 Dungeon Crawl Stone Soup version 0.26-a0-651-gb41185065b (webtiles) character file.

Game seed: 4271274826781222973

1617 looop the Chopper (level 8, -2/76 HPs)
             Began as a Deep Dwarf Fighter on Sept 30, 2020.
             Killed by nerve-wracking pain
             ... invoked by Menkaure
              (9 damage)
             ... on level 7 of the Dungeon.
             The game lasted 00:09:42 (4383 turns).

looop the Chopper (Deep Dwarf Fighter)              Turns: 4383, Time: 00:09:42

Health: -2/76      AC:  9    Str: 28    XL:     8   Next: 64%
Magic:  6/6        EV: 10    Int:  9    God:
Gold:   274        SH: 11    Dex: 12    Spells: 7/7 levels left

rFire    . . .     SeeInvis .   D - +5 flail (freeze) (curse)
rCold    . . .     Faith    .   c - +0 kite shield
rNeg     . . .     Spirit   .   h - +0 scale mail
rPois    .         Reflect  .   l - +0 helmet
rElec    .         Harm     .   F - +0 cloak
rCorr    .         Rampage  .   (no gloves)
MR       +....                  (no boots)
Stlth    ..........             (no amulet)
HPRegen  0.00/turn              E - +6 ring of strength
MPRegen  0.10/turn              I - ring of attention

@: non-regenerating, lightly drained
A: damage resistance, heal wounds, sense surroundings 1, no regeneration
a: Heal Wounds


You were on level 7 of the Dungeon.
You visited 1 branch of the dungeon, and saw 7 of its levels.

You collected 274 gold pieces.

Inventory:

Hand Weapons
 a - a +1 vorpal hand axe
 b - a +0 hunting sling
 D - a cursed +5 flail of freezing (weapon)
Missiles
 f - 154 stones
 p - 14 sling bullets
 z - 7 atropa-tipped darts
 B - 8 boomerangs (quivered)
Armour
 c - a +0 kite shield (worn)
 h - a +0 scale mail (worn)
 l - a +0 helmet (worn)
 F - a +0 cloak (worn)
Jewellery
 E - a +6 ring of strength (left hand)
 I - a ring of attention (right hand)
Wands
 y - a wand of iceblast (20)
 C - a wand of digging (7)
Scrolls
 e - 3 scrolls of enchant armour {unknown}
 m - 5 scrolls of fear {unknown}
 n - 2 scrolls of amnesia {unknown}
 q - 2 scrolls of blinking {unknown}
 r - a scroll of fog {unknown}
 u - a scroll of magic mapping {unknown}
 v - 2 scrolls of teleportation {unknown}
 w - a scroll of remove curse
 x - 4 scrolls of enchant weapon {unknown}
 A - 2 scrolls of immolation
 G - a scroll of identify
Potions
 d - a potion of might
 g - a potion of heal wounds
 i - 2 potions of flight
 j - a potion of haste
 k - 2 potions of ambrosia {unknown}
 o - 3 potions of curing
 s - a potion of stabbing {unknown}
 t - a potion of magic {unknown}


   Skills:
 + Level 5.9(5.8) Fighting
 - Level 6.9(6.7) Axes
 + Level 5.4(5.2) Armour
 + Level 4.4(4.2) Dodging
 + Level 5.4(5.2) Shields


You had 7 spell levels left.
You didn't know any spells.
Your spell library was empty.

Dungeon Overview and Level Annotations

Branches:
Dungeon (7/15)             Temple (0/1) D:7

Altars:
Ashenzari
Cheibriados
Okawaru
Qazlal
Wu Jian
Zin

Annotations:
D:7 Menkaure


Innate Abilities, Weirdness & Mutations

You are resistant to damage.
You can heal yourself by infusing magical energy.
You passively map a small area around you.
You do not regenerate.


Message History

You sock the orc! You freeze the orc.
You kill the orc!
Menkaure calls on the powers of darkness!
Your body is wracked with pain!
* * * LOW HITPOINT WARNING * * *
You fail to use your ability.
You feel much better.
Menkaure casts a spell.
Menkaure seems to speed up.
You barely miss Menkaure.
Menkaure calls on the powers of darkness!
Your body is wracked with pain!
You barely miss Menkaure. Menkaure hits you but does no damage.
Menkaure hits you!!
* * * LOW HITPOINT WARNING * * *
You thump Menkaure! You freeze Menkaure.
Menkaure is heavily damaged.
Menkaure casts a spell at you. Pain shoots through your body!
You die...

#.#.##.####..#.##
######.#.##...##.....####
.......#.##.....#.#.....#
..####....#.###†#....##.#
.............#...........
..#######.........#######,
.##, .###.....###....(## ,
.#, ...##...##...≈≈≈[?# *
.# ≈ ≈.......M@..≈≈≈≈≈.#
.# ,≈ ..##...##...≈≈≈..#
.##,, ###.....###.....## *
..#######.......o.#######
.............#........ ,
.....##############...#
**,* ###### .## , , * .) ,
, *# *


You could see Menkaure (fast).

Vanquished Creatures
  A black bear (D:6)
  A sky beast (D:6)
  3 centaurs
  2 bullfrogs (D:6)
  3 scorpions
  4 wights (D:7)
  A howler monkey (D:6)
  A bullfrog zombie (D:5)
  2 hounds
  An orc priest (D:6)
  A bullfrog skeleton (D:6)
  A centaur skeleton (D:4)
  4 orc wizards
  Natasha (thrice) (D:3)
  An iguana (D:5)
  4 worker ants
  A hound skeleton (D:6)
  10 adders
  A white imp (D:7)
  An ufetubus (D:5)
  2 oozes
  An adder skeleton (D:4)
  3 worms
  4 dart slugs
  6 leopard geckos
  11 orcs
  2 ball pythons (D:3)
  A giant cockroach (D:2)
  7 hobgoblins
  4 jackals (D:7)
  6 kobolds
  2 quokkas
  6 bats
  6 frilled lizards
  7 goblins
  14 rats
128 creatures vanquished.

Notes
Turn   | Place    | Note
-------+----------+-------------------------------------------
     0 | D:1      | looop the Deep Dwarf Fighter began the quest for the Orb.
     0 | D:1      | Reached XP level 1. HP: 20/20 MP: 1/1
   128 | D:1      | Reached XP level 2. HP: 25/27 MP: 2/2
   168 | D:1      | Reached skill level 3 in Axes
   528 | D:1      | Reached XP level 3. HP: 24/34 MP: 3/3
   733 | D:2      | Reached skill level 4 in Axes
   873 | D:2      | Reached XP level 4. HP: 33/42 MP: 3/3
  1080 | D:2      | Found an ornate altar of the Wu Jian Council.
  1080 | D:2      | Found a broken altar of Ashenzari.
  1327 | D:3      | Found an iron altar of Okawaru.
  1442 | D:3      | Noticed Natasha
  1452 | D:3      | Killed Natasha
  1643 | D:3      | Reached XP level 5. HP: 49/50 MP: 4/4
  1644 | D:3      | Found a stormy altar of Qazlal.
  1854 | D:3      | Noticed Natasha
  1865 | D:3      | Killed Natasha
  1865 | D:3      | Reached skill level 5 in Axes
  1894 | D:3      | Noticed Natasha
  1905 | D:3      | Killed Natasha
  2212 | D:4      | Found a snail-covered altar of Cheibriados.
  2296 | D:4      | Reached XP level 6. HP: 41/57 MP: 5/5
  2464 | D:4      | Reached skill level 6 in Axes
  2954 | D:5      | Entered Level 5 of the Dungeon
  3215 | D:5      | Reached skill level 1 in Dodging
  3215 | D:5      | Reached XP level 7. HP: 45/66 MP: 6/6
  3345 | D:5      | Got a smouldering whip
  3346 | D:5      | Identified the +3 whip of Painted Courage {drain, *Corrode
                  | Str+5 Int+3} (You found it on level 5 of the Dungeon)
  3412 | D:6      | Reached skill level 5 in Fighting
  3504 | D:6      | Found a glowing silver altar of Zin.
  3673 | D:6      | Reached XP level 8. HP: 26/74 MP: 6/6
  4062 | D:6      | Reached skill level 5 in Armour
  4062 | D:6      | Reached skill level 5 in Shields
  4365 | D:7      | Noticed Menkaure
  4383 | D:7      | Killed from afar by Menkaure

Illustrated notes

Levels and vault maps discovered:
D:1:      minmay_arrival_checkered_box, layout_basic
D:2:      layout_basic, chequers_temple_overflow_statue_of_worship
D:3:      layout_loops_cross, marbit_many_paths, okawaru_trees_2, uniq_natasha
D:4:      layout_basic, old_standard_altar
D:5:      layout_rooms
D:6:      layout_gridville, zin_statuary
D:7:      layout_loops_ring, temple_statues, minmay_fire_ice_demons,
          uniq_menkaure

Skill      XL: |  1  2  3  4  5  6  7  8 |
---------------+-------------------------+-----
Axes           | 3 4 5 6 |  6.9
Fighting       | 3 4 5 |  5.9
Dodging        | 1 3 4 |  4.4
Armour         | 4 5 |  5.4
Shields        | 4 5 |  5.4

Action                   |  1- 3 |  4- 6 |  7- 9 || total
-------------------------+-------+-------+-------++-------
Melee: War axe           |   111 |       |       ||   111
       Hand axe          |    14 |   162 |    42 ||   218
       Whip              |       |       |   108 ||   108
       Flail             |       |       |    24 ||    24
 Fire: Hunting sling     |    10 |    44 |       ||    54
Throw: Boomerang         |       |       |     2 ||     2
 Abil: Heal Wounds       |     1 |     2 |     4 ||     7
  Use: Scroll            |       |       |     9 ||     9
Armor: Scale mail        |    58 |    68 |    72 ||   198
Dodge: Dodged            |    37 |    39 |    51 ||   127
Block: Kite shield       |    71 |    69 |    93 ||   233

Table legend: (Time is in decaauts)
 A = Elapsed time spent in this place.
 B = Non-inter-level travel time spent in this place.
 C = Inter-level travel time spent in this place.
 D = Time resting spent in this place.
 E = Time spent auto-exploring this place.
 F = Levels seen in this place.
 G = Mean time per level.
                   A        B        C        D        E       F      G
               +--------+--------+--------+--------+--------+-----+--------+
         Total |   4452 |   4232 |    220 |      8 |   3063 |   7 |  636.0 |
       Dungeon |   4452 |   4232 |    220 |      8 |   3063 |   7 |  636.0 |
               +--------+--------+--------+--------+--------+-----+--------+

Top non-repeatable levels by time:
     D:4: 893 daAuts
     D:3: 776 daAuts
     D:6: 766 daAuts
     D:1: 680 daAuts
     D:2: 665 daAuts
     D:5: 411 daAuts
     D:7: 257 daAuts
